 Dungeon Crawl Stone Soup version 0.15.0-12-gccce430 (webtiles) character file.

279 sprout the Sneak (level 6, -1/30 HPs)
             Began as a Spriggan Enchanter on Sept 1, 2014.
             Was an Initiate of Okawaru.
             Slain by isthmus' ghost (6 damage)
             ... on Level 4 of the Dungeon.
             The game lasted 00:11:47 (3316 turns).

sprout the Sneak (Spriggan Enchanter)               Turns: 3316, Time: 00:11:47

HP  -1/30        AC  3     Str  4      XL: 6   Next:  5%
MP   6/17        EV 18     Int 18      God: Okawaru [......]
Gold 158         SH  0     Dex 17      Spells:  3 memorised,  4 levels left

rFire  . . .     SeeInvis +     a - +1 dagger
rCold  . . .     Clarity  .     b - +1 robe
rNeg   . . .     rCorr    .     (shield restricted)
rPois  .         rRot     .     (helmet restricted)
rElec  .         Spirit   .     (no cloak)
SustAb .         Warding  .     (gloves unavailable)
rMut   .         Stasis   .     (boots unavailable)
Gourm  .                        (no amulet)
MR     +....                    (no ring)
                                (no ring)

@: very quick, somewhat resistant to hostile enchantments, stealthy
A: unfitting armour, see invisible, herbivore 3, speed 3, slow metabolism 2
a: Renounce Religion


You were on level 4 of the Dungeon.
You worshipped Okawaru.
Okawaru was noncommittal.
You were not hungry.

You visited 1 branch of the dungeon, and saw 4 of its levels.

You collected 158 gold pieces.

Inventory:

Hand weapons
 a - a +1 dagger (weapon)
Armour
 b - a +1 robe (worn)
Magical devices
 m - a wand of random effects (16) {unknown}
Comestibles
 o - a slice of pizza
 q - 2 bread rations
 r - 4 fruits
Scrolls
 g - 2 scrolls of enchant weapon {unknown}
 j - a scroll of enchant armour {unknown}
 l - 2 scrolls of remove curse {unknown}
 n - a scroll of random uselessness {unknown}
 s - a scroll of identify {unknown}
 t - a scroll of fog {unknown}
Potions
 d - a potion of porridge
 e - 2 potions of flight {unknown}
 f - a potion of curing {unknown}
 h - 2 potions of heal wounds {unknown}
 i - a potion of magic {unknown}
 k - a potion of haste {unknown}
 p - 2 potions of might {unknown}
Books
 c - a book of Maledictions

   Spells                             Type                      Level
   *Corona                            Hexes                        1
   Sure Blade                         Hexes/Charms                 2
   *Ensorcelled Hibernation           Hexes/Ice                    2
   *Confuse                           Hexes                        3
   Dazzling Spray                     Conjuration/Hexes            3
   Enslavement                        Hexes                        4
 u - a book of Ice

   Spells                             Type                      Level
   Metabolic Englaciation             Hexes/Ice                    5
   Ozocubu's Refrigeration            Ice                          6
   Bolt of Cold                       Conjuration/Ice              6
   Freezing Cloud                     Conjuration/Ice/Air          6
   Simulacrum                         Ice/Necromancy               6


   Skills:
 + Level 1.6 Fighting
 + Level 2.5 Short Blades
 - Level 3.0 Dodging
 + Level 7.7 Stealth
 - Level 2.6 Spellcasting
 * Level 5.2 Hexes


You had 4 spell levels left.
You knew the following spells:

 Your Spells              Type           Power        Failure   Level  Hunger
a - Corona                Hex            ###....      1%          1    #......
b - Ensorcelled Hibernat  Hex/Ice        ##....       12%         2    ##.....
c - Confuse               Hex            ###.....     10%         3    ###....


Dungeon Overview and Level Annotations

Branches:
Dungeon (4/15)
 Temple: D:4-7

Altars:
Okawaru
Trog
Xom

Annotations:
D:4 Blork the orc; isthmus' ghost, average OpSu


Innate Abilities, Weirdness & Mutations

You are tiny and cannot use many weapons and most armour.
You have supernaturally acute eyesight.
You are a herbivore.
You cover ground extremely quickly.
You need consume almost no food.


Message History

You are electrocuted!
Ouch! That really hurt!
You hit isthmus' ghost.
Isthmus' ghost is almost destroyed.
The crimson imp closely misses you.
Casting: Confuse
Confirm with . or Enter, or press ? or * to list all spells.
Aiming: Confuse
Press: ? - help, Shift-Dir - straight line, f/p - isthmus' ghost
Aim: isthmus' ghost (almost destroyed) Isthmus' ghost easily resists.
Isthmus' ghost hits you!
* * * LOW HITPOINT WARNING * * *
The crimson imp closely misses you.
Casting: Confuse
Confirm with . or Enter, or press ? or * to list all spells.
Aiming: Confuse
Press: ? - help, Shift-Dir - straight line, f/p - isthmus' ghost
Aim: isthmus' ghost (almost destroyed) Isthmus' ghost easily resists.
Isthmus' ghost hits you.
You die...

####### #### #... #.....#
##..####... #..##.#####
#.....).... #........#
##..###.#..
#.....).#########....
#.........#####...##.
#.......#.)..#..#.##.
#####...5...####...##.##.
#.......@W#..###.####....
#.#######.........#####.#
#.# #.##.####...>...# #.#
##.##.###....####. #.#
##.........##..##.. #.#
#....<#.######.##.#
#.#####.....#.######.)...
#.....#..................
#.....#.....#.#######.>..


You could see isthmus' ghost and a crimson imp.

Vanquished Creatures
  A hound (D:4)
  A worker ant (D:4)
  3 gnolls (D:4)
  10 adders
  A giant mite (D:1)
  3 worms
  4 giant geckos
  2 oozes (D:1)
  4 orcs (D:3)
  3 giant cockroaches
  10 goblins
  12 hobgoblins
  12 kobolds
  A quokka (D:3)
  10 bats
  3 giant newts
  A kobold skeleton (D:4)
  6 rats
87 creatures vanquished.

Notes
Turn   | Place    | Note
--------------------------------------------------------------
     0 | D:1      | sprout, the Spriggan Enchanter, began the quest for the Orb.
     0 | D:1      | Reached XP level 1. HP: 9/9 MP: 4/4
   277 | D:1      | Reached skill level 5 in Stealth
   316 | D:1      | Reached XP level 2. HP: 7/13 MP: 7/7
   421 | D:1      | Reached skill level 6 in Stealth
   721 | D:1      | Reached XP level 3. HP: 8/16 MP: 9/9
  1133 | D:2      | Learned a level 2 spell: Ensorcelled Hibernation
  1137 | D:2      | Learned a level 3 spell: Confuse
  1220 | D:2      | Reached XP level 4. HP: 13/21 MP: 6/12
  1343 | D:2      | Reached skill level 7 in Stealth
  1597 | D:2      | Found a bloodstained altar of Trog.
  1732 | D:2      | Found an iron altar of Okawaru.
  1732 | D:2      | Found a shimmering altar of Xom.
  1736 | D:2      | Became a worshipper of Warmaster Okawaru
  2007 | D:2      | Reached skill level 1 in Fighting
  2270 | D:3      | Reached XP level 5. HP: 25/25 MP: 11/14
  2839 | D:4      | Reached skill level 5 in Hexes
  2878 | D:4      | Noticed isthmus' ghost (average OpSu)
  2879 | D:4      | Noticed Blork the orc
  3098 | D:4      | Reached XP level 6. HP: 30/30 MP: 8/17
  3316 | D:4      | Slain by isthmus' ghost

Action                   |  1- 3 |  4- 6 || total
-------------------------+-------+-------++-------
Melee: Dagger            |   141 |   139 ||   280
 Cast: Ensorcelled Hiber |     2 |    48 ||    50
       Confuse           |       |     7 ||     7
 Stab: Sleeping          |     8 |    34 ||    42
       Distracted        |     1 |     1 ||     2
       Confused          |       |     1 ||     1
  Eat: Bread ration      |       |     1 ||     1
